 Dungeon Sprint DCSS version 0.31-a0-37-g98a128e1d9 (webtiles) character file.

Game seed: 13546156978643493023

298 Elsrick the Ducker (level 6, -2/76 HPs)
             Began as a Demonspawn Gladiator on May 16, 2023.
             Incinerated by a deep elf pyromancer (7 damage)
             ... with a sticky flame
             ... in the Dungeon (Sprint V: "Ziggurat Sprint").
             The game lasted 00:04:07 (138 turns).

Elsrick the Ducker (Demonspawn Gladiator)            Turns: 138, Time: 00:04:07

Health: -2/76      AC: 22    Str: 28    XL:     6   Next: 13%
Magic:  6/6        EV:  5    Int:  9    God:
Gold:   0          SH:  0    Dex: 15    Spells: 5/5 levels left

rFire   . . .        F - +5 demon blade
rCold   . . .        E - +3 tower shield
rNeg    . . .        D - +5 crystal plate armour
rPois   .            b - +0 helmet
rElec   .            (no cloak)
rCorr   .            (no gloves)
SInv    .            (no boots)
Will    .....        (no amulet) Stlth
                     A - +6 ring of strength
HPRegen 0.32/turn    B - +6 ring of strength
MPRegen 0.20/turn

%: no teleportation
@: confused, berserking, on fire, hasted, glowing, very quick
A: claws 1, powered by death 1, magic regeneration
a: no special abilities


You were in the Dungeon.
You visited 1 branch

Inventory:

Hand Weapons
 F - a +5 demon blade (weapon)
Missiles
 c - 3 throwing nets (quivered)
 d - a javelin
Armour
 a - a +0 leather armour
 b - a +0 helmet (worn)
 D - a +5 crystal plate armour (worn)
 E - a +3 tower shield (worn)
Jewellery
 v - a ring of flight
 w - a +6 ring of dexterity
 x - a +6 ring of dexterity
 y - a +6 ring of intelligence
 z - a +6 ring of intelligence
 A - a +6 ring of strength (left claw)
 B - a +6 ring of strength (right claw)
Wands
 n - a wand of charming (7)
 t - a wand of mindburst (10)
 u - a wand of acid (7)
 C - a wand of roots (10)
 G - a wand of digging (5)
Scrolls
 j - 4 scrolls of blinking
 p - 4 scrolls of amnesia
 q - 7 scrolls of fog
 r - 5 scrolls of identify
 s - 2 scrolls of fear
Potions
 e - 10 potions of curing
 f - 10 potions of heal wounds
 g - 5 potions of haste
 h - 7 potions of magic
 i - 2 potions of berserk rage
 k - 2 potions of brilliance
 l - 2 potions of invisibility
 m - 4 potions of resistance
 o - 5 potions of might
Miscellaneous
 H - a piece from Xom's chessboard (14/15)


   Skills:
 + Level 5.3 Fighting
 + Level 5.1 Long Blades
 + Level 3.5 Throwing
 + Level 3.6 Armour
 + Level 6.2 Dodging
 + Level 3.6 Shields
 + Level 6.1 Unarmed Combat
 + Level 0.5 Evocations


You had 5 spell levels left.
You didn't know any spells.
Your spell library contained the following spells:

 Spells                   Type           Power      Damage    Failure   Level
 Sting                    Tmut/Pois      0%         1d3       100%        1
 Ensorcelled Hibernation  Hex/Ice        0%         N/A       100%        2
 Passwall                 Tmut/Erth      0%         N/A       100%        2
 Poisonous Vapours        Pois/Air       0%         N/A       100%        2
 Swiftness                Air            0%         N/A       100%        3
 Olgreb's Toxic Radiance  Pois           0%         N/A       100%        4


Dungeon Overview and Level Annotations

Branches:
Dungeon (1/1)

Altars:
Ashenzari
Cheibriados
Dithmenos
Fedhas
Gozag
Hepliaklqana
Kikubaaqudgha
Makhleb
Nemelex Xobeh
Okawaru
Qazlal
Ru
Sif Muna
Trog
Uskayaw
Vehumet
Wu Jian
Xom
Yredelemnul
Jiyva
Lugonu

Annotations:
D 1 transporter


Innate Abilities, Weirdness & Mutations

You have sharp fingernails.
You regenerate a little health from kills.
You regenerate magic rapidly.


Message History

You feel yourself speed up.
The deep elf archer shoots an arrow.
The arrow hits you.
You closely miss the deep elf pyromancer.
The deep elf pyromancer casts a spell.
You block the deep elf pyromancer's attack. x2
The deep elf archer casts a spell at you.
You are confused.
You slash the deep elf pyromancer!
The deep elf pyromancer is moderately wounded.
The deep elf pyromancer hits you with a +0 rapier.
The deep elf pyromancer hits you but does no damage.
The deep elf pyromancer mumbles some strange words.
The deep elf archer shoots an arrow.
The arrow hits you! The fire elemental hits you. The fire elemental burns you!
A red film seems to cover your vision as you go berserk!
You feel yourself moving faster!
You feel mighty!
The deep elf pyromancer completely misses you.
The deep elf pyromancer hits you but does no damage.
You are electrocuted!
The deep elf pyromancer points at you and mumbles some strange words.
The sticky flame hits you but does no damage.
You are covered in liquid flames!
The fire elemental hits you. The fire elemental burns you!
You slash the deep elf pyromancer!
The deep elf pyromancer is moderately wounded.
You are covered in liquid flames!
The deep elf archer shoots an arrow.
The arrow hits you!
* * * LOW HITPOINT WARNING * * *
The fire elemental hits you. The fire elemental burns you!
* * * LOW HITPOINT WARNING * * *
You are covered in liquid flames!
* * * LOW HITPOINT WARNING * * *
The deep elf pyromancer casts a spell.
The deep elf pyromancer blinks!
The deep elf archer unwields a +0 longbow.
The deep elf archer wields a +0 short sword.
The deep elf archer hits you but does no damage.
You miss the fire elemental.
You are covered in liquid flames!
You die...

▓.....▓.....▓..)..▓
▓.....▓.....▓..)..▓
▓.....▓.††..▓..©..▓
▓..©..▓..©..▓▓▓▓▓▓▓
▓▓▓▓▓▓▓▓▓▓▓▓▓▓
▓..8©8...▓
▓..?/|...▓
▓.○.e....▓
▓..○E@...▓
▓..eE§e..▓
▓.▓○E..▓.▓
▓e..°....▓
▓▓▓▓▓▓▓▓▓▓


You could see a deep elf archer (repels missiles), 3 deep elf pyromancers and 3
fire elementals.

Vanquished Creatures
  A yak (D)
  A bullfrog (D)
  2 iguanas (D)
  An orc wizard (D)
  A river rat (D)
  An orc (D)
  2 jackals (D)
9 creatures vanquished.

Notes
Turn   | Place    | Note
-------+----------+-------------------------------------------
     0 | D        | Elsrick the Demonspawn Gladiator began the quest for the
                  | Orb.
     0 | D        | Reached XP level 1. HP: 16/16 MP: 1/1
     0 | D        | Found a shimmering blue altar of Sif Muna.
     0 | D        | Found a sacrificial altar of Ru.
     0 | D        | Found a bloodstained altar of Trog.
     0 | D        | Found a stormy altar of Qazlal.
     0 | D        | Found an iron altar of Okawaru.
     0 | D        | Found a sparkling altar of Nemelex Xobeh.
     0 | D        | Found a blossoming altar of Fedhas.
     0 | D        | Found the +6 Majin-Bo {spellvamp, MP+6 Int+6}
     0 | D        | Found the +27 heavy crossbow "Sniper" {heavy, Acc+∞ SInv}
     0 | D        | Found the +10 dark maul {heavy}
     0 | D        | Found the +15 Maxwell's patent armour {-Cast -Tele rElec
                  | Will+ rCorr}
     0 | D        | Found the +18 shield of the Gong {Loud rN+ Will+ rCorr
                  | EV-5}
     0 | D        | Found the +16 obsidian axe {drain, demonic, Mesm Drain Fly
                  | SInv}
     0 | D        | Found the +7 great mace "Firestarter" {flame, immolate,
                  | rFlCloud rF++}
     0 | D        | Found the +6 shillelagh "Devastator" {shatter}
     0 | D        | Found the +11 plutonium sword {Contam Stlth-}
     0 | D        | Found the +8 lance "Wyrmbane" {slay drac, rPois rF+ rC+
                  | AC+3}
     0 | D        | Found the +9 sword of Zonguldrok {reap}
     0 | D        | Found the +13 scythe of Curses {drain, curses, Drain}
     0 | D        | Found the +9 sword of Power {lifebolt}
     0 | D        | Found the +7 mace of Variability {chaos, chaos arc}
     0 | D        | Found the +11 Singing Sword {sonic wave}
     0 | D        | Found the +8 storm bow {elec, penet}
     2 | D        | Found a transporter.
     2 | D        | Found an ancient bone altar of Kikubaaqudgha.
     2 | D        | Found a viscous altar of Jiyva.
     2 | D        | Found a corrupted altar of Lugonu.
     2 | D        | Found a hazy altar of Hepliaklqana.
     2 | D        | Found a burning altar of Makhleb.
     2 | D        | Found an opulent altar of Gozag.
    54 | D        | Gained mutation: You regenerate magic rapidly. [demonic
                  | ancestry]
    54 | D        | Reached XP level 2. HP: 25/25 MP: 2/2
    55 | D        | Entered arena 2.
    55 | D        | Found a transporter.
    65 | D        | Gained mutation: You regenerate a little health from kills.
                  | [demonic ancestry]
    65 | D        | Reached XP level 3. HP: 30/30 MP: 3/3
    76 | D        | Entered arena 3.
    76 | D        | Noticed a yak
    76 | D        | Noticed a bullfrog
    76 | D        | Found a transporter.
    81 | D        | Killed a bullfrog
    82 | D        | Gained mutation: You have sharp fingernails. [demonic
                  | ancestry]
    82 | D        | Reached XP level 4. HP: 37/38 MP: 4/4
    82 | D        | Killed a yak
    83 | D        | Reached skill level 5 in Fighting
    83 | D        | Reached skill level 5 in Unarmed Combat
    83 | D        | Reached XP level 5. HP: 44/44 MP: 5/5
    97 | D        | Entered arena 4.
    97 | D        | Found a transporter.
   106 | D        | Reached XP level 6. HP: 47/51 MP: 6/6
   111 | D        | Reached skill level 5 in Long Blades
   129 | D        | Entered arena 5.
   129 | D        | Noticed a deep elf pyromancer
   129 | D        | Noticed a deep elf pyromancer
   129 | D        | Noticed a deep elf archer
   129 | D        | Noticed a deep elf pyromancer
   129 | D        | Found a transporter.
   134 | D        | Noticed a fire elemental
   135 | D        | Noticed a fire elemental
   135 | D        | Noticed a fire elemental
   138 | D        | Incinerated by a deep elf pyromancer

Illustrated notes

Levels and vault maps discovered:
D:        sprint_v [room_start, room_1, room_2, room_3, room_4, room_5, room_6,
          room_7, room_8, room_9, room_10, room_11, room_12, room_13, room_14,
          room_15, room_16, room_17, room_18, room_19, room_20, room_21,
          room_22, room_23, room_24, room_25, room_26, room_27]

Skill      XL: |  1  2  3  4  5  6 |
---------------+-------------------+-----
Fighting       | 4 5 |  5.3
Long Blades    | 3 4 5 |  5.1
Armour         | 3 |  3.6
Shields        | 3 |  3.6
Throwing       | 2 3 |  3.5
Dodging        | 3 4 6 |  6.2
Unarmed Combat | 3 4 5 6 |  6.1
Evocations     | |  0.5

Action                     |  1- 3 |  4- 6 || total
---------------------------+-------+-------++-------
  Melee: Demon blade       |     7 |    21 ||    28
  Evoke: Wand              |     2 |       ||     2
         Piece from Xom's  |       |     1 ||     1
    Use: Potion            |     1 |     2 ||     3
 Armour: Crystal plate arm |     9 |    23 ||    32
  Dodge: Dodged            |       |     5 ||     5
  Block: Tower shield      |     8 |    27 ||    35

Table legend: (Time is in decaauts)
 A = Elapsed time spent in this place.
 B = Non-inter-level travel time spent in this place.
 C = Inter-level travel time spent in this place.
 D = Time resting spent in this place.
 E = Time spent auto-exploring this place.
 F = Levels seen in this place.
 G = Mean time per level.
                   A        B        C        D        E       F      G
               +--------+--------+--------+--------+--------+-----+--------+
         Total |    142 |    142 |      0 |      0 |      0 |   1 |  142.0 |
       Dungeon |    142 |    142 |      0 |      0 |      0 |   1 |  142.0 |
               +--------+--------+--------+--------+--------+-----+--------+

Top non-repeatable levels by time:
       D: 142 daAuts
